 Dungeon Crawl Stone Soup version 0.26-a0-682-g294304f6e8 (webtiles) character file.

Game seed: 16845308703979193946

142 mandarbmax the Ruffian (level 5, 0/48 HPs)
             Began as a Troll Transmuter on Oct 20, 2020.
             Was an Initiate of Okawaru.
             Slain by Pikel
             ... wielding a +1 whip of electrocution
              (1 damage)
             ... on level 4 of the Dungeon.
             The game lasted 00:06:04 (2528 turns).

mandarbmax the Ruffian (Troll Transmuter)           Turns: 2528, Time: 00:06:05

Health: 0/48       AC:  6    Str: 18    XL:     5   Next: 4%
Magic:  14/16      EV: 10    Int: 10    God:    Okawaru [......]
Gold:   160        SH:  0    Dex: 10    Spells: 5/8 levels left

rFire    . . .     SeeInvis .     - Unarmed
rCold    . . .     Faith    .   (no shield)
rNeg     . . .     Spirit   .   a - +0 robe
rPois    .         Reflect  .   (helmet currently unavailable)
rElec    .         Harm     .   (no cloak)
rCorr    .         Rampage  .   (gloves unavailable)
MR       .....                  (boots unavailable)
Stlth    +.........             (no amulet)
HPRegen  0.56/turn              c - ring of magical power
MPRegen  0.15/turn              q - ring of wizardry

@: appendages, wereblooded
A: large, unfitting armour, claws 3, horns 2, talons 2, regeneration 1, shaggy
fur 1, tough skin 3
a: End Transformation, Renounce Religion


You were on level 4 of the Dungeon.
You worshipped Okawaru.
Okawaru was noncommittal.
You had grown temporary horns.
You had grown temporary talons.
You visited 1 branch of the dungeon, and saw 4 of its levels.

You collected 160 gold pieces.

Inventory:

Missiles
 d - 27 poisoned darts (quivered)
 f - 3 boomerangs
Armour
 a - a +0 robe (worn)
Jewellery
 c - a ring of magical power (left claw)
 q - a ring of wizardry (right claw)
Scrolls
 g - 2 scrolls of remove curse
 m - 3 scrolls of teleportation
Potions
 b - 4 potions of might {unknown}
 e - 3 potions of invisibility {unknown}
 h - a potion of lignification
 i - 2 potions of curing
 j - 3 potions of magic {unknown}
 k - a potion of stabbing
 l - a potion of haste
 o - 2 potions of brilliance
 p - 2 potions of flight


   Skills:
 - Level 1.0 Fighting
 + Level 1.4 Throwing
 - Level 2.0 Dodging
 * Level 4.1 Unarmed Combat
 - Level 2.0 Spellcasting
 - Level 2.0 Transmutations


You had 5 spell levels left.
You knew the following spells:

 Your Spells              Type           Power        Failure   Level
a - Beastly Appendage     Tmut           #.....       6%          1
b - Wereblood             Tmut           #.......     9%          2

Your spell library contained the following spells:

 Spells                   Type           Power        Failure   Level
 Spider Form              Tmut/Pois      #.........   24%         3
 Ice Form                 Ice/Tmut       #.......     58%         4
 Blade Hands              Tmut           #.........   80%         5


Dungeon Overview and Level Annotations

Branches:
Dungeon (4/15)
 Temple: D:4-7

Altars:
Cheibriados
Okawaru
Ru

Annotations:
D:4 Pikel


Innate Abilities, Weirdness & Mutations

You are too large for most types of armour.
You have claws for hands.
Your natural rate of healing is unusually fast.
You are covered in fur. (AC +1)
You have extremely tough skin. (AC +3)
You have a pair of horns on your head.
You have razor-sharp toenails.


Message History

You are electrocuted!
You barely miss Pikel. You claw Pikel, but do no damage.
Your headbutt misses Pikel.
Pikel is heavily wounded.
Your horns disappear.
Your talons disappear.
Pikel hits you but does no damage.
Casting: Wereblood (safe; 9% risk of failure)
Confirm with . or Enter, or press ? or * to list all spells.
You grow a pair of large bovine horns.
Your feet morph into talons.
Pikel says, "You'll feel the lick of my whip!"
Pikel hits you with a +1 whip of electrocution!
You completely miss Pikel. You headbutt Pikel!
Pikel is almost dead.
Pikel hits you with a +1 whip of electrocution.
You are electrocuted!!
* * * LOW HITPOINT WARNING * * *
You barely miss Pikel. Your kick misses Pikel.
Pikel is almost dead.
Pikel hits you with a +1 whip of electrocution.
You die...

##.### #.# #.#
##.## #...#
####...######
.............#
.#.#.###.###.#
# #.#...#.#@#
##.###.#.#K#
...........5#
............#
###.#.#.###.#
# #.#.. #.#
###.# #.. ...
... ...


You could see Pikel and a lemure.

Vanquished Creatures
  A lemure (D:4)
  The ghost of robertstho the Chiller, a weakling GnIE (D:3)
  5 adders
  A worm (D:3)
  2 dart slugs
  A leopard gecko (D:2)
  5 orcs (D:3)
  8 bats
  4 giant cockroaches
  5 goblins
  4 hobgoblins
  11 jackals
  2 quokkas
  2 ball pythons (D:3)
  5 frilled lizards
  5 kobolds
  12 rats
74 creatures vanquished.

Notes
Turn   | Place    | Note
-------+----------+-------------------------------------------
     0 | D:1      | mandarbmax the Troll Transmuter began the quest for the
                  | Orb.
     0 | D:1      | Reached XP level 1. HP: 18/18 MP: 1/1
    85 | D:1      | Reached skill level 1 in Fighting
   271 | D:1      | Found an iron altar of Okawaru.
   279 | D:1      | Reached XP level 2. HP: 27/27 MP: 3/3
   347 | D:1      | Became a worshipper of Warmaster Okawaru
   450 | D:1      | Learned a level 2 spell: Wereblood
   621 | D:2      | Found an iron altar of Okawaru.
   784 | D:2      | Reached XP level 3. HP: 25/33 MP: 4/4
  1116 | D:2      | Found a sacrificial altar of Ru.
  1445 | D:3      | Reached XP level 4. HP: 29/41 MP: 6/6
  1812 | D:3      | Reached skill level 1 in Throwing
  1828 | D:3      | Found a snail-covered altar of Cheibriados.
  2016 | D:3      | Found a large runed translucent door.
  2016 | D:3      | Found a large runed translucent door.
  2036 | D:3      | Noticed robertstho's ghost (weakling GnIE)
  2050 | D:3      | Killed robertstho's ghost
  2050 | D:3      | Reached skill level 4 in Unarmed Combat
  2170 | D:4      | Reached XP level 5. HP: 48/48 MP: 7/7
  2379 | D:4      | Noticed a lemure
  2393 | D:4      | Killed a lemure
  2512 | D:4      | Noticed a lemure
  2515 | D:4      | Noticed Pikel
  2527 | D:4      | HP: 1/48 [Pikel/+1 whip of electrocution (18)]
  2528 | D:4      | Slain by Pikel

Illustrated notes

Levels and vault maps discovered:
D:1:      saegor_arrival_simple_d, layout_rooms, okawaru_ov_weapons_minmay
D:2:      layout_basic, lemuel_doored_altar, nicolae_ru_sacrificial_ziggurat
D:3:      layout_rooms, lemuel_crystal_altar, ebering_ghost_disaster_area,
          st_stairs_4
D:4:      layout_loops_ring, nemelex_xobeh_ov_fountains_minmay,
          supply_closet_lemuel, minmay_misc_feat_nine_boxes,
          uniq_crazy_yiuf_cottage, uniq_natasha, uniq_pikel

Skill      XL: |  1  2  3  4 |
---------------+-------------+-----
Fighting       | 1 |  1.0
Dodging        | 2 |  2.0
Transmutations | 2 |  2.0
Spellcasting   | 2 |  2.0
Throwing       | 1 |  1.4
Unarmed Combat | 4 |  4.1

Action                   |  1- 3 |  4- 6 || total
-------------------------+-------+-------++-------
Melee: Unarmed           |    97 |    59 ||   156
       Kick              |    13 |     7 ||    20
       Headbutt          |    11 |     8 ||    19
Throw: Dart              |       |     4 ||     4
 Cast: Beastly Appendage |    27 |    17 ||    44
       Wereblood         |     6 |     9 ||    15
  Use: Scroll            |       |    11 ||    11
 Stab: Sleeping          |     1 |       ||     1
Armor: Robe              |    26 |    25 ||    51
Dodge: Dodged            |    54 |    24 ||    78

Table legend: (Time is in decaauts)
 A = Elapsed time spent in this place.
 B = Non-inter-level travel time spent in this place.
 C = Inter-level travel time spent in this place.
 D = Time resting spent in this place.
 E = Time spent auto-exploring this place.
 F = Levels seen in this place.
 G = Mean time per level.
                   A        B        C        D        E       F      G
               +--------+--------+--------+--------+--------+-----+--------+
         Total |   2518 |   2440 |     78 |    160 |   1834 |   4 |  629.5 |
       Dungeon |   2518 |   2440 |     78 |    160 |   1834 |   4 |  629.5 |
               +--------+--------+--------+--------+--------+-----+--------+

Top non-repeatable levels by time:
     D:2: 804 daAuts
     D:3: 743 daAuts
     D:1: 601 daAuts
     D:4: 368 daAuts
